 Dungeon Crawl Stone Soup version 0.30-a0-972-gf3ab3527aa (webtiles) character file.

Game seed: 5866550507818955347

387 Firecrotchwizard the Magician (level 7, -13/50 HPs)
             Began as a Djinni Conjurer on Apr 1, 2023.
             Killed by an exploding fulminant prism (17 damage)
             ... on level 4 of the Dungeon.
             The game lasted 00:09:26 (3219 turns).

Firecrotchwizard the Magician (Djinni Conjurer)     Turns: 3219, Time: 00:09:26

Health: -13/50     AC:  3    Str:  6    XL:     7   Next: 7%
Gold:   237        EV: 12    Int: 21    God:
                   SH:  0    Dex: 12

rFire   + + .      SeeInvis +    z - +1 whip (elec) {mace}
rCold   x . .      Faith    .    (no shield)
rNeg    . . .      Spirit   .    a - +0 robe rPois โˆž Reflect .
                                 (no helmet)
rElec   .          Rampage  .    (no cloak)
rCorr   .                        t - +0 pair of gloves
Will    +....                    (boots unavailable)
Stlth   ++                       (no amulet)
HPRegen 0.28/turn                b - ring of willpower
MPRegen 0.00/turn                p - ring of see invisible

@: flying
A: sickness immunity, fire resistance 2, cold vulnerability 1, float, innate
caster, HP casting, extra vitality 1
a: no special abilities


You were on level 4 of the Dungeon.
You visited 1 branch of the dungeon, and saw 4 of its levels.

You collected 237 gold pieces.


Innate Abilities, Weirdness & Mutations

You are immune to sickness and miasma.
You are immune to poison.
Your flesh is very heat resistant. (rF++)
You are vulnerable to cold. (rC-)
You float through the air rather than walking.
You learn spells naturally, not from books.
Your magical power is your life essence.
You have superior vitality. (+4 MHP)


   Skills:
 * Level 3.0 Fighting
 + Level 3.3 Dodging
 + Level 2.5 Stealth
 * Level 4.9 Spellcasting


You knew the following spells:

 Your Spells              Type           Power      Damage    Failure   Level
a - Magic Dart            Conj           100%       1d8       1%          1
b - Searing Ray           Conj           52%        2d6       2%          2
c - Dazzling Flash        Conj/Hex       52%        N/A       4%          3
d - Fulminant Prism       Conj/Hex       13%        3d9       14%         4
e - Iskenderun's Mystic   Conj/Tloc      26%        2d7       14%         4
f - Kiss of Death         Conj/Necr      100%       2d13      1%          1
g - Poisonous Vapours     Pois/Air       52%        N/A       2%          2
h - Swiftness             Air            26%        N/A       4%          3
Your spell library was empty.

Inventory:

Hand Weapons
 z - a +1 whip of electrocution (weapon) {mace}
   (You took it off a gnoll bouda on level 4 of the Dungeon)
Missiles
 c - 26 stones {throwing}
 l - 3 datura-tipped darts {throwing}
Armour
 a - a +0 robe (worn)
 t - a +0 pair of gloves (worn)
   (You found it on level 3 of the Dungeon)
 v - a +0 robe
   (You found it on level 4 of the Dungeon)
Jewellery
 b - a ring of willpower (left hand)
   (You found it on level 1 of the Dungeon)
 m - a +6 ring of strength
   (You found it on level 1 of the Dungeon)
 p - a ring of see invisible (right hand)
   (You found it on level 1 of the Dungeon)
Scrolls
 d - 4 scrolls of vulnerability {unknown}
 i - a scroll of immolation {unknown}
 j - 4 scrolls of identify {unknown}
 n - a scroll of magic mapping {unknown}
 s - a scroll of fear {unknown}
 u - a scroll of enchant weapon {unknown}
 w - 2 scrolls of teleportation {unknown}
 A - a scroll of amnesia {unknown}
Potions
 e - a potion of attraction {unknown}
 f - a potion of might {unknown}
 g - a potion of magic {unknown}
 h - a potion of haste {unknown}
 k - 2 potions of mutation {unknown}
 o - a potion of invisibility {unknown}
 q - a potion of brilliance {unknown}
 r - a potion of heal wounds {unknown}
 x - 2 potions of flight {unknown}

Dungeon Overview and Level Annotations

Branches:
Dungeon (4/15) Zot: 20783
 Temple: D:4-7

Altars:
Yredelemnul

Annotations:
D:3 3 runed translucent doors, soul19's ghost, amateur GnTm
D:4 Edmund; Natasha

....# ##### ... #
..W. # ## ..### ##
### # #. ..#.. .# ..#
#.##.##.#.###.####
..#
#.......#.#.......
..####.......#h..S.#
.............ยง.@@..#
..###..####.g##..?##
..###..####..###.##
..#.......g..# ###
#.#.#..#.##.##


[)โ€ .#.......# #...)..#.#### #####.......# #.......# You could see Edmund,
Natasha, a gnoll and a ball python.


Message History

Your Fighting skill increases to level 3!
You now have 50 max hp (+1).
You start resting. ๐Ÿ˜Ž HP[+22]
Your hp is fully restored (50).
y - a +0 flail {mace};
z - a +1 whip of electrocution {mace};
B - a +0 robe You see here a gnoll corpse.
You drop a +0 robe.
You drop a +0 flail {mace}.
You drop a +0 robe.
You hear the crackle of electricity.
z - a +1 whip of electrocution (weapon)
{mace} You see here a +0 whip {mace}.
v - a +0 robe Edmund the Younger comes into view.
He is wielding a +2 dire flail of protection and wearing a +0 scale mail of poison resistance.
Casting: Searing Ray (safe; 2% risk of failure)
Confirm with . or Enter, or press ? or * to list all spells.
The spell is quite dangerous to miscast (14% risk of failure)!
Continue anyway?
Uppercase [Y]es or [N]o only, please.
The spell is quite dangerous to miscast (14% risk of failure)!
Continue anyway?
Uppercase [Y]es or [N]o only, please.
The spell is quite dangerous to miscast (14% risk of failure)!
Continue anyway?
Aiming: Fulminant Prism (quite dangerous; 14% risk of failure)
Press: ? - help, Dir - move target You conjure a prism of explosive energy!
Edmund shouts!
A fulminant prism comes into view.
You hear an angry hiss. ๐Ÿ˜• HP[-4]
You take 4 damage, and now have 46/50 hp.
Casting: Fulminant Prism (quite dangerous; 14% risk of failure)
Confirm with . or Enter, or press ? or * to list all spells.
The spell is quite dangerous to miscast (14% risk of failure)!
Continue anyway?
Okay, then.
Your fulminant prism crackles loudly.
Natasha, Servant of Life and Death comes into view.
She is carrying a wand of light (5).
The blast of energy engulfs Edmund!
You hear a shout! x2 ๐Ÿ˜• HP[+1] Unknown command.
Casting: Fulminant Prism (quite dangerous; 14% risk of failure)
Confirm with . or Enter, or press ? or * to list all spells.
The spell is quite dangerous to miscast (14% risk of failure)!
Continue anyway?
Okay, then.
Natasha howls an incantation.
You feel troubled.
Natasha zaps a wand.
The bolt of light hits you!
You are confused. ๐Ÿ˜• HP[-9]
You take 9 damage, and now have 38/50 hp.
You are too confused!
You're too confused to move!
You feel less confused. Edmund barely misses you.
Edmund attacks as you move away! Edmund closely misses you.
Natasha mumbles some strange words.
Edmund says, "People accused me of being a cutpurse!" ๐Ÿ˜• HP[+1]
A phantom comes into view.
A gnoll comes into view.
It is wielding a +0 flail and carrying a wand of light (6).
Casting: Fulminant Prism (quite dangerous; 14% risk of failure)
Confirm with . or Enter, or press ? or * to list all spells.
The spell is quite dangerous to miscast (14% risk of failure)!
Continue anyway?
Okay, then.
Natasha attacks as you move away! Natasha claws you!
Edmund attacks as you move away!
Edmund hits you with a +2 dire flail of protection!
* * * LOW HITPOINT WARNING * * *
A ball python comes into view.
Natasha casts a spell at you. The magic dart hits you.
* * * LOW HITPOINT WARNING * * *
๐Ÿ˜จ HP[-22]
You take 22 damage, and now have 17/50 hp.
MASSIVE DAMAGE!! (PAUSE)
Casting: Fulminant Prism (quite dangerous; 14% risk of failure)
Confirm with . or Enter, or press ? or * to list all spells.
The spell is quite dangerous to miscast (14% risk of failure)!
Continue anyway?
Uppercase [Y]es or [N]o only, please.
The spell is quite dangerous to miscast (14% risk of failure)!
Continue anyway?
Aiming: Fulminant Prism (quite dangerous; 14% risk of failure)
Press: ? - help, Dir - move target You conjure a prism of explosive energy!
The ball python hisses angrily.
* * * LOW HITPOINT WARNING * * *
A fulminant prism comes into view.
Edmund hits you with a +2 dire flail of protection!
* * * LOW HITPOINT WARNING * * *
๐Ÿ˜ฑ HP[-13]
You take 13 damage, and now have 4/50 hp.
MASSIVE DAMAGE!! (PAUSE) Edmund attacks as you move away!
Edmund closely misses you.
Your fulminant prism crackles loudly.
The blast of energy engulfs Natasha!
The blast of energy engulfs the shadow imp!!
You kill the shadow imp!
The shadow imp disappears in a puff of smoke!
The blast of energy engulfs Edmund!
The blast of energy engulfs you!
You die...

Skill      XL: |  1  2  3  4  5  6  7 |
---------------+----------------------+-----
Spellcasting   | 4 |  4.9
Fighting       | 1 2 3 |  3.0
Stealth        | 2 |  2.5
Dodging        | 3 |  3.3

Action                     |  1- 3 |  4- 6 |  7- 9 || total
---------------------------+-------+-------+-------++-------
   Cast: Magic Dart        |    69 |    41 |     2 ||   112
         Searing Ray       |     2 |    18 |     1 ||    21
         Fulminant Prism   |       |       |     2 ||     2
 Armour: Robe              |       |     5 |       ||     5
  Dodge: Dodged            |     6 |    15 |     3 ||    24

Levels and vault maps discovered:
D:1:      dpeg_arrival_three_same_balls, layout_basic,
          ebering_ecumenical_altar_petrified
D:2:      layout_basic
D:3:      layout_basic, nicolae_yredelemnul_ghost_church,
          nicolae_figureground_pulse, uniq_terence
D:4:      layout_loops_cross, uniq_natasha, uniq_edmund

Notes
Turn   | Place    | Note
-------+----------+-------------------------------------------
     0 | D:1      | Firecrotchwizard the Djinni Conjurer began the quest for
                  | the Orb.
     0 | D:1      | Firecrotchwizard set off with the following spells
                  | memorised: Magic Dart, Searing Ray, Dazzling Flash,
                  | Fulminant Prism, Iskenderun's Mystic Blast.
     0 | D:1      | Reached XP level 1. HP: 15/15 MP: 0/0
     0 | D:1      | magus.rc [v1.9.6]
   227 | D:1      | Reached XP level 2. HP: 19/21 MP: 0/0
   321 | D:1      | Found a faded altar of an unknown god.
   425 | D:1      | Reached XP level 3. HP: 23/25 MP: 0/0
   425 | D:1      | Learned a level 1 spell: Kiss of Death
   581 | D:1      | Reached skill level 4 in Spellcasting
  1667 | D:3      | Reached XP level 4. HP: 26/31 MP: 0/0
  1919 | D:3      | Found a runed translucent gate.
  1919 | D:3      | Found a runed translucent gate.
  1919 | D:3      | Found a runed translucent gate.
  1919 | D:3      | Noticed soul19's ghost (amateur GnTm)
  1929 | D:3      | Found a basalt altar of Yredelemnul.
  1938 | D:3      | Reached skill level 1 in Fighting
  2031 | D:3      | Noticed Terence
  2036 | D:3      | Killed Terence
  2037 | D:3      | Reached XP level 5. HP: 25/37 MP: 0/0
  2037 | D:3      | Learned a level 2 spell: Poisonous Vapours
  2515 | D:4      | Reached skill level 2 in Stealth
  2559 | D:4      | Reached skill level 2 in Fighting
  2559 | D:4      | Reached XP level 6. HP: 20/43 MP: 0/0
  2673 | D:4      | Reached skill level 3 in Dodging
  2709 | D:4      | Noticed Natasha
  2720 | D:4      | Killed Natasha
  2875 | D:4      | Noticed a black bear
  3070 | D:4      | Reached XP level 7. HP: 31/49 MP: 0/0
  3070 | D:4      | Learned a level 3 spell: Swiftness
  3099 | D:4      | Noticed Natasha
  3103 | D:4      | Killed Natasha
  3104 | D:4      | Reached skill level 3 in Fighting
  3207 | D:4      | Noticed Edmund
  3210 | D:4      | Noticed Natasha
  3217 | D:4      | HP: 4/50 [Edmund/+2 dire flail of protection (10)]
  3219 | D:4      | Killed by an exploding fulminant prism

Vanquished Creatures
  A scorpion (D:4)
  A hound (D:4)
  A gnoll bouda (D:4)
  Terence (D:3)
  An iguana (D:4)
  A scorpion zombie (D:3)
  Natasha (twice) (D:4)
  4 gnolls (D:4)
  5 adders
  A worm (D:3)
  A dart slug (D:1)
  2 orcs
  4 bats
  2 endoplasms
  3 giant cockroaches
  4 hobgoblins
  7 jackals
  2 quokkas
  6 ball pythons
  A ball python zombie (D:3)
  A frilled lizard (D:1)
  6 goblins
  3 kobolds (D:1)
  3 rats
63 creatures vanquished.

Vanquished Creatures (others)
  2 fulminant prisms (D:4)
2 creatures vanquished.

Grand Total: 65 creatures vanquished

Table legend:
 A = Non-vault XP
 B = Vault XP
 C = Vault XP percentage of total XP
 D = Non-vault monster count
 E = Vault monster count
 F = Vault count percentage of total count
                 A         B        C        D         E       F
            +---------+---------+-------+---------+---------+-------
      Total |     446 |     108 |  19.5 |      59 |       4 |   6.3
            +---------+---------+-------+---------+---------+-------
        D:1 |      46 |       0 |   0.0 |      27 |       0 |   0.0
        D:2 |       6 |       0 |   0.0 |       4 |       0 |   0.0
        D:3 |      63 |      73 |  53.7 |      14 |       3 |  17.6
        D:4 |     331 |      35 |   9.6 |      14 |       1 |   6.7
            +---------+---------+-------+---------+---------+-------

Illustrated notes

Table legend:
 A = Kills in this place as a percentage of kills in the entire game.
 B = Kills by you in this place as a percentage of kills by you in the entire game.
 C = Kills by friends in this place as a percentage of kills by friends in the entire game.
 D = Other kills in this place as a percentage of other kills in the entire game.
 E = Experience gained in this place as a percentage of experience gained in the entire game.
 F = Experience gained in this place divided by the number of levels of this place that you have seen.
                   A       B       C       D       E      F
               +-------+-------+-------+-------+-------+----------------------
         Total | 100.0 | 100.0 |   N/A |   N/A | 100.0 | 138.5
       Dungeon | 100.0 | 100.0 |   N/A |   N/A | 100.0 | 138.5
               +-------+-------+-------+-------+-------+----------------------

Table legend: (Time is in decaauts)
 A = Elapsed time spent in this place.
 B = Non-inter-level travel time spent in this place.
 C = Inter-level travel time spent in this place.
 D = Time resting spent in this place.
 E = Time spent auto-exploring this place.
 F = Levels seen in this place.
 G = Mean time per level.
                   A        B        C        D        E       F      G
               +--------+--------+--------+--------+--------+-----+--------+
         Total |   3215 |   3093 |    122 |    384 |   2322 |   4 |  803.8 |
       Dungeon |   3215 |   3093 |    122 |    384 |   2322 |   4 |  803.8 |
               +--------+--------+--------+--------+--------+-----+--------+

Top non-repeatable levels by time:
     D:3: 1159 daAuts
     D:1: 956 daAuts
     D:4: 653 daAuts
     D:2: 446 daAuts
